 Dungeon Crawl Stone Soup version 0.29-a0-1019-g84f7d21838 (webtiles) character file.

Game seed: 17791233278224035802

76 xian the Chiller (level 4, 0/21 HPs)
             Began as a Spriggan Ice Elementalist on Aug 10, 2022.
             Succumbed to a goblin's poison
             ... on level 2 of the Dungeon.
             The game lasted 00:04:43 (2138 turns).

xian the Chiller (Spriggan Ice Elementalist)        Turns: 2138, Time: 00:04:44

Health: 0/21       AC:  4    Str:  4    XL:     4   Next: 12%
Magic:  10/10      EV: 17    Int: 18    God:
Gold:   87         SH:  0    Dex: 15    Spells: 3/10 levels left

rFire   . . .      SeeInvis +   e - +0 short sword
rCold   . . .      Faith    .   (no shield)
rNeg    . . .      Spirit   .   a - +0 robe
rPois   .          Reflect  .   (helmet restricted)
rElec   .          Harm     .   h - +1 cloak
rCorr   .          Rampage  .   (gloves unavailable)
Will    .....                   (boots unavailable)
Stlth   +++.......              (no amulet)
HPRegen 0.07/turn               (no ring)
MPRegen 0.12/turn               (no ring)

@: lethally poisoned (0 -> -8), very quick
A: very small, no large weapons, unfitting armour, see invisible, speed 3
a: no special abilities


You were on level 2 of the Dungeon.
You visited 1 branch of the dungeon, and saw 2 of its levels.

You collected 87 gold pieces.

Inventory:

Hand Weapons
 e - a +0 short sword (weapon)
Armour
 a - a +0 robe (worn)
 h - a +1 cloak (worn)
Jewellery
 k - a ring of resist corrosion
Scrolls
 g - 2 scrolls of poison
 i - a scroll of blinking {unknown}
Potions
 b - a potion of magic
 c - a potion of might {unknown}
 d - a potion of attraction {unknown}
 f - a potion of heal wounds {unknown}
 j - 2 potions of brilliance {unknown}


   Skills:
 + Level 0.2 Short Blades
 + Level 3.2 Dodging
 + Level 3.8 Stealth
 + Level 3.8 Spellcasting
 + Level 3.9 Ice Magic


You had 3 spell levels left.
You knew the following spells:

 Your Spells              Type           Power      Damage    Failure   Level
a - Freeze                Ice            68%        1d8       3%          1
b - Frozen Ramparts       Ice            34%        1d6       9%          3
c - Ozocubu's Armour      Ice            17%        N/A       9%          3

Your spell library contained the following spells:

 Spells                   Type           Power      Damage    Failure   Level
 Hailstorm                Conj/Ice       10%        3d5       56%         4


Dungeon Overview and Level Annotations

Branches:
Dungeon (2/15)

Altars:

Annotations:
D:2 Robin


Innate Abilities, Weirdness & Mutations

You are very small and have problems with some larger weapons.
You are too small for most types of armour.
You have supernaturally acute eyesight. (SInv)
You cover ground extremely quickly. (Speed+++)


Message History

a +0 dagger; a goblin corpse You see here a ring of resist corrosion.
k - a ring of resist corrosion You see here 9 gold pieces.
You now have 87 gold pieces (gained 9).
A goblin comes into view. It is wielding a +3 dagger of venom.
The helpless hobgoblin fails to defend itself.
You puncture the hobgoblin!
You kill the hobgoblin!
Found a sapphire ring.
You see here a hobgoblin corpse.
The goblin shouts!
You closely miss the goblin.
The goblin hits you with a +3 dagger of venom.
You are poisoned.
You closely miss the goblin.
You feel very sick. The goblin closely misses you.
You hit the goblin.
The goblin is moderately wounded.
You feel very sick. The goblin hits you but does no damage.
You closely miss the goblin.
The goblin is moderately wounded.
You feel sick. The goblin hits you but does no damage.
You are lethally poisoned!
You hit the goblin but do no damage.
The goblin is moderately wounded.
* * * LOW HITPOINT WARNING * * *
You feel very sick. The goblin closely misses you.
You hit the goblin.
The goblin is heavily wounded.
* * * LOW HITPOINT WARNING * * *
You feel very sick.
The goblin hits you with a +3 dagger of venom.
* * * LOW HITPOINT WARNING * * *
You closely miss the goblin.
The goblin is heavily wounded.
You die...

#.#.....# #...# #.#
#.#.....# ########
#.# #.......# #..=.#
#.# ###.....# #....#
#.# #)....# #....#
#.# # #†)...# #....#
#.# # #.....# #....#
#.#
###.#.######....#####
#.#
................@g..#
#.#
.)....######.†..###.#
#.# ......#
#.......#.# #.#
......# #.#.#.#.#.#
#.# ......#
##.#.#.##.# #.#
......# #.#)..#.#.#
#.# ......#
##.#.#.##.# #.#
......#####.#.#.#...#
#.#
..................†.#
#.#


You could see a goblin.

Vanquished Creatures
  Natasha (D:2)
  An adder (D:2)
  A dart slug (D:1)
  4 bats
  An endoplasm (D:1)
  5 goblins
  8 hobgoblins
  3 jackals (D:1)
  4 kobolds (D:1)
  2 quokkas (D:1)
  3 frilled lizards
  5 rats
38 creatures vanquished.

Notes
Turn   | Place    | Note
-------+----------+-------------------------------------------
     0 | D:1      | xian the Spriggan Ice Elementalist began the quest for the
                  | Orb.
     0 | D:1      | Reached XP level 1. HP: 9/9 MP: 5/5
   405 | D:1      | Reached XP level 2. HP: 13/13 MP: 3/6
  1649 | D:2      | Reached XP level 3. HP: 16/16 MP: 6/8
  1673 | D:2      | Noticed Robin
  1681 | D:2      | Learned a level 3 spell: Frozen Ramparts
  1732 | D:2      | Noticed Natasha
  1760 | D:2      | Killed Natasha
  2017 | D:2      | Reached XP level 4. HP: 21/21 MP: 7/10
  2100 | D:2      | Learned a level 3 spell: Ozocubu's Armour
  2137 | D:2      | HP: 1/21 [goblin/+3 dagger of venom (1)]
  2138 | D:2      | Succumbed to a goblin's poison

Illustrated notes

Levels and vault maps discovered:
D:1:      lightli_arrival_chessboard, layout_loops_corners
D:2:      layout_basic, minmay_tiny_reverse_x, uniq_robin, uniq_natasha,
          uniq_jessica

Skill      XL: |  1  2 |
---------------+-------+-----
Spellcasting   | 3 |  3.8
Dodging        | 3 |  3.2
Short Blades   | |  0.2
Stealth        | |  3.8
Ice Magic      | |  3.9

Action                   |  1- 3 |  4- 6 || total
-------------------------+-------+-------++-------
Melee: Unarmed           |    22 |       ||    22
       Short sword       |     5 |    14 ||    19
 Cast: Freeze            |    48 |     1 ||    49
       Frozen Ramparts   |     2 |       ||     2
  Use: Scroll            |     1 |       ||     1
 Stab: Sleeping          |     2 |     2 ||     4
Armor: Robe              |     4 |     3 ||     7
Dodge: Dodged            |    63 |     7 ||    70

Table legend: (Time is in decaauts)
 A = Elapsed time spent in this place.
 B = Non-inter-level travel time spent in this place.
 C = Inter-level travel time spent in this place.
 D = Time resting spent in this place.
 E = Time spent auto-exploring this place.
 F = Levels seen in this place.
 G = Mean time per level.
                   A        B        C        D        E       F      G
               +--------+--------+--------+--------+--------+-----+--------+
         Total |   1746 |   1737 |      9 |    287 |   1155 |   2 |  873.0 |
       Dungeon |   1746 |   1737 |      9 |    287 |   1155 |   2 |  873.0 |
               +--------+--------+--------+--------+--------+-----+--------+

Top non-repeatable levels by time:
     D:1: 1257 daAuts
     D:2: 489 daAuts
